 Dungeon Crawl Stone Soup version 0.29.0-4-gdea44cf6ec (webtiles) character file.

Game seed: 11770417636196104583

179 qw the Chopper (level 5, -1/30 HPs)
             Began as a Tengu Warper on Aug 28, 2022.
             Slain by a gnoll
             ... wielding a +1 flail of protection
              (2 damage)
             ... on level 4 of the Dungeon.
             The game lasted 00:00:24 (3620 turns).

qw the Chopper (Tengu Warper)                       Turns: 3620, Time: 00:00:25

Health: -1/30      AC: 11    Str: 14    XL:     5   Next: 59%
Magic:  9/9        EV:  4    Int: 13    God:
Gold:   175        SH:  4    Dex: 13    Spells: 8/8 levels left

rFire   . . .      SeeInvis .   Y - +2 hand axe
rCold   . . .      Faith    .   a - +0 buckler
rNeg    . . .      Spirit   .   h - +0 plate armour
rPois   +          Reflect  .   (helmet restricted)
rElec   .          Harm     .   (no cloak)
rCorr   .          Rampage  .   (no gloves)
Will    .....                   (boots unavailable)
Stlth   ..........              (no amulet)
HPRegen 0.10/turn               j - ring of poison resistance
MPRegen 0.11/turn               (no ring)

@: flying quickly and evasively, quick
A: beak, talons 3, nimble flight
a: no special abilities


You were on level 4 of the Dungeon.
You visited 1 branch of the dungeon, and saw 4 of its levels.

You collected 175 gold pieces.


Innate Abilities, Weirdness & Mutations

You have a beak for a mouth.
You have claws for feet.
Your magical nature lets you fly swiftly and evasively.


   Skills:
 - Level 2.0 Fighting
 + Level 5.6 Axes
 - Level 1.0 Throwing
 - Level 2.2 Armour
 - Level 2.1 Dodging
 - Level 1.0 Shields
 - Level 2.0 Spellcasting
 - Level 2.4 Translocations


You had 8 spell levels left.
You didn't know any spells.
Your spell library contained the following spells:

 Spells                   Type           Power      Damage    Failure   Level
 Blink                    Tloc           14%        N/A       100%        2
 Gell's Gravitas          Tloc           7%         N/A       100%        3
 Lesser Beckoning         Tloc           7%         N/A       100%        3
 Teleport Other           Tloc           7%         N/A       100%        3
 Manifold Assault         Tloc           7%         N/A       100%        5

Inventory:

Hand Weapons
 e - a +0 flail
 Y - a +2 hand axe (weapon)
Missiles
 b - 2 silver boomerangs (quivered)
 i - 3 boomerangs
Armour
 a - a +0 buckler (worn)
 h - a +0 plate armour (worn)
Jewellery
 f - a ring of ice
 j - a ring of poison resistance (left hand)
Potions
 c - a potion of flight {unknown}
 d - a potion of lignification {unknown}
 g - a potion of attraction {unknown}
 l - a potion of cancellation
 m - a potion of berserk rage {unknown}

Dungeon Overview and Level Annotations

Branches:
Dungeon (4/15)
 Temple: D:4-7

Altars:
Cheibriados


Message History

The gnoll is almost dead.
The gnoll hits you with a +0 flail of protection!
The gnoll hits you but does no damage.
You hit the gnoll but do no damage. You claw the gnoll, but do no damage.
The gnoll is almost dead.
The gnoll hits you with a +0 flail of protection.
The gnoll hits you but does no damage.
You hit the gnoll but do no damage.
The gnoll is almost dead.
The gnoll hits you with a +0 flail of protection.
The gnoll hits you but does no damage.
You closely miss the gnoll. Your peck misses the gnoll.
The gnoll is almost dead.
The gnoll hits you but does no damage.
The gnoll hits you from afar with a +0 spear.
You hit the gnoll.
You kill the gnoll!
You block the gnoll's attack.
The gnoll hits you from afar with a +0 spear.
You slash the gnoll! You peck the gnoll.
The gnoll is severely wounded.
You hear a shout! x2
You hit the gnoll but do no damage.
The gnoll is severely wounded.
The gnoll hits you but does no damage.
You slash the gnoll!
You kill the gnoll!
You closely miss the gnoll. The gnoll hits you but does no damage.
A giant cockroach comes into view.
You hit the gnoll. Your peck misses the gnoll.
The gnoll is lightly wounded.
You barely miss the gnoll. Your kick misses the gnoll.
The gnoll is lightly wounded.
You hit the gnoll but do no damage. The gnoll hits you with a +0 whip.
The gnoll hits you with a +1 flail of protection.
The gnoll hits you with a +0 whip.
The gnoll hits you with a +1 flail of protection.
You die...

#.#.# ##.#.#
#....####
#.........
######...######
###...........#
#...#)###..##.#
#......##..# #
#..#.#.@#....
#. #.##ggB..#.
# ## ..#.#...#
..##.##... ##!
## g.# ##


You could see 2 gnolls and a giant cockroach.

Vanquished Creatures
  An orc wizard (D:3)
  2 gnolls (D:4)
  4 adders
  2 worms (D:2)
  A dart slug (D:2)
  5 orcs
  6 endoplasms
  3 giant cockroaches
  10 goblins
  11 hobgoblins
  A quokka (D:2)
  9 ball pythons
  8 bats
  8 frilled lizards
  7 kobolds
  10 rats
88 creatures vanquished.

Notes
Turn   | Place    | Note
-------+----------+-------------------------------------------
     0 | D:1      | qw the Tengu Warper began the quest for the Orb.
     0 | D:1      | Reached XP level 1. HP: 12/12 MP: 4/4
     0 | D:1      | 0 ||| qw: Version: 0.1-a-89-g26bdef1
     0 | D:1      | 0 ||| qw: Game counter: 188
     0 | D:1      | 0 ||| qw: Always use a shield: true
     0 | D:1      | 0 ||| qw: God list: Okawaru
     0 | D:1      | 0 ||| qw: Allow faded altars: false
     0 | D:1      | 0 ||| qw: Do Orc after D:15 true
     0 | D:1      | 0 ||| qw: Do second Lair branch before Depths: true
     0 | D:1      | 0 ||| qw: Lair rune preference: random
     0 | D:1      | 0 ||| qw: Plans: Normal
     0 | D:1      | 0 ||| PLANNING D:1-11
   265 | D:1      | Reached skill level 3 in Axes
   265 | D:1      | Reached XP level 2. HP: 17/17 MP: 6/6
   644 | D:1      | You fall into a shaft and drop 1 floor!
   670 | D:2      | 670 ||| Stepping ~*~*~tactically~*~*~ (stealth).
   746 | D:2      | 746 ||| READING scroll labelled SUBUHU TOAFAS.
   747 | D:2      | 747 ||| READING scroll labelled AHOSIA OQIO.
   748 | D:2      | 748 ||| DROPPING scroll of blinking.
   946 | D:1      | Reached XP level 3. HP: 21/21 MP: 7/7
  1211 | D:1      | Found a faded altar of an unknown god.
  1325 | D:1      | 1325 ||| UPGRADING to +0 buckler.
  1539 | D:2      | 1539 ||| FLEEEEING.
  1540 | D:2      | 1540 ||| FLEEEEING.
  1541 | D:2      | 1541 ||| FLEEEEING.
  1543 | D:2      | 1543 ||| FLEEEEING.
  1545 | D:2      | 1545 ||| FLEEEEING.
  1547 | D:2      | 1547 ||| FLEEEEING.
  1548 | D:2      | 1548 ||| FLEEEEING.
  1549 | D:2      | 1549 ||| FLEEEEING.
  1550 | D:2      | 1550 ||| FLEEEEING.
  1552 | D:2      | 1552 ||| FLEEEEING.
  1631 | D:2      | Reached skill level 1 in Shields
  1709 | D:2      | 1709 ||| Stepping ~*~*~tactically~*~*~ (stealth).
  1710 | D:2      | 1710 ||| Stepping ~*~*~tactically~*~*~ (stealth).
  1711 | D:2      | 1711 ||| Stepping ~*~*~tactically~*~*~ (stealth).
  1719 | D:2      | Reached skill level 4 in Axes
  1719 | D:2      | 1719 ||| Stepping ~*~*~tactically~*~*~ (stealth).
  1740 | D:2      | 1740 ||| FLEEEEING.
  1741 | D:2      | 1741 ||| FLEEEEING.
  1842 | D:2      | 1842 ||| READING scroll of enchant weapon.
  1842 | D:2      | 1842 ||| ENCHANTING +1 hand axe.
  1855 | D:2      | 1855 ||| Stepping ~*~*~tactically~*~*~ (stealth).
  1857 | D:2      | Reached XP level 4. HP: 24/26 MP: 8/8
  1880 | D:2      | 1880 ||| Stepping ~*~*~tactically~*~*~ (stealth).
  1899 | D:2      | 1899 ||| Stepping ~*~*~tactically~*~*~ (stealth).
  2000 | D:2      | 2000 ||| Stepping ~*~*~tactically~*~*~ (stealth).
  2242 | D:2      | 2242 ||| UPGRADING to +0 ring mail.
  2252 | D:2      | 2252 ||| DROPPING +0 leather armour.
  2253 | D:2      | 2253 ||| UPGRADING to ring of poison resistance.
  2254 | D:2      | 2254 ||| READING scroll labelled YWNEUBL IWIAL.
  2255 | D:2      | 2255 ||| READING scroll labelled UHIRARANYD.
  2256 | D:2      | 2256 ||| READING 2 scrolls labelled VUAWARGHEAF.
  2261 | D:2      | 2261 ||| READING scroll labelled VIVVOMNAUR.
  2290 | D:3      | 2290 ||| STAIRDANCE
  2349 | D:3      | 2349 ||| STAIRDANCE
  2447 | D:2      | 2447 ||| UPGRADING to +0 scale mail.
  2457 | D:2      | 2457 ||| DROPPING +0 ring mail.
  2461 | D:3      | 2461 ||| STAIRDANCE
  2663 | D:3      | Reached skill level 5 in Axes
  2665 | D:3      | 2665 ||| FLEEEEING.
  2666 | D:3      | 2666 ||| FLEEEEING.
  2667 | D:3      | 2667 ||| FLEEEEING.
  2668 | D:3      | 2668 ||| FLEEEEING.
  2669 | D:3      | 2669 ||| FLEEEEING.
  2670 | D:3      | 2670 ||| FLEEEEING.
  2671 | D:3      | 2671 ||| FLEEEEING.
  2672 | D:3      | 2672 ||| FLEEEEING.
  2673 | D:3      | 2673 ||| FLEEEEING.
  2674 | D:3      | 2674 ||| FLEEEEING.
  2675 | D:3      | 2675 ||| FLEEEEING.
  2676 | D:3      | 2676 ||| FLEEEEING.
  2677 | D:3      | 2677 ||| FLEEEEING.
  2678 | D:3      | 2678 ||| FLEEEEING.
  2679 | D:3      | 2679 ||| FLEEEEING.
  2680 | D:3      | 2680 ||| STAIRDANCE
  2789 | D:2      | 2789 ||| UPGRADING to +0 plate armour.
  2799 | D:2      | 2799 ||| DROPPING +0 scale mail.
  2800 | D:2      | 2800 ||| READING scroll labelled VOTEOCZ ACLODO.
  2939 | D:2      | 2939 ||| DRINKING 2 orange potions.
  2940 | D:2      | 2940 ||| DRINKING 2 sedimented yellow potions.
  2943 | D:3      | 2943 ||| STAIRDANCE
  2945 | D:2      | 2945 ||| DRINKING potion of curing.
  2945 | D:2      | 2945 ||| (to cure confusion)
  3056 | D:3      | 3056 ||| STAIRDANCE
  3180 | D:3      | Gained mutation: Your magical nature lets you fly swiftly
                  | and evasively. [Tengu growth]
  3180 | D:3      | Reached XP level 5. HP: 30/30 MP: 9/9
  3421 | D:3      | Found a snail-covered altar of Cheibriados.
  3424 | D:3      | 3424 ||| READING scroll of teleportation.
  3455 | D:3      | 3455 ||| Stepping ~*~*~tactically~*~*~ (stealth).
  3457 | D:3      | 3457 ||| Stepping ~*~*~tactically~*~*~ (stealth).
  3594 | D:4      | 3594 ||| Stepping ~*~*~tactically~*~*~ (stealth).
  3603 | D:4      | 3603 ||| Stepping ~*~*~tactically~*~*~ (stealth).
  3620 | D:4      | HP: 5/30 [gnoll/+1 flail of protection (6)]
  3620 | D:4      | HP: 1/30 [gnoll/+0 whip (4)]
  3620 | D:4      | Slain by a gnoll

Levels and vault maps discovered:
D:1:      saegor_arrival_miasma, layout_basic, ebering_ecumenical_altar_webs
D:2:      layout_loops_ring, nicolae_concentric_dashed_squares_wild,
          minmay_joined_circles
D:3:      layout_rooms, lemuel_doored_altar, nrook_campfire, chequers_garden,
          minmay_misc_feat_pillars
D:4:      layout_loops_ring, gammafunk_ghost_mausoleum, minmay_between

Skill      XL: |  1  2  3  4 |
---------------+-------------+-----
Axes           | 3 4 5 |  5.6
Shields        | 1 |  1.0
Armour         | 2 |  2.2
Fighting       | |  2.0
Throwing       | |  1.0
Dodging        | |  2.1
Spellcasting   | |  2.0
Translocations | |  2.4

Action                   |  1- 3 |  4- 6 || total
-------------------------+-------+-------++-------
Melee: Hand axe          |    90 |    80 ||   170
       Kick              |    21 |    17 ||    38
       Peck              |    12 |     8 ||    20
Throw: Boomerang         |     8 |    32 ||    40
  Use: Scroll            |     3 |     6 ||     9
       Potion            |       |     3 ||     3
Armor: Leather armour    |    17 |     5 ||    22
       Plate armour      |       |    33 ||    33
       Scale mail        |       |     9 ||     9
       Ring mail         |       |     5 ||     5
Dodge: Dodged            |    31 |    23 ||    54
Block: Buckler           |    19 |    19 ||    38

Table legend:
 A = Non-vault XP
 B = Vault XP
 C = Vault XP percentage of total XP
 D = Non-vault monster count
 E = Vault monster count
 F = Vault count percentage of total count
                 A         B        C        D         E       F
            +---------+---------+-------+---------+---------+-------
      Total |     219 |      38 |  14.8 |      67 |      21 |  23.9
            +---------+---------+-------+---------+---------+-------
        D:1 |      32 |       0 |   0.0 |      20 |       0 |   0.0
        D:2 |      65 |      34 |  34.3 |      29 |      19 |  39.6
        D:3 |      92 |       0 |   0.0 |      15 |       0 |   0.0
        D:4 |      30 |       4 |  11.8 |       3 |       2 |  40.0
            +---------+---------+-------+---------+---------+-------
